 Dungeon Crawl Stone Soup version 0.30.0-19-g36f170ea60 (webtiles) character file.

Game seed: 4732956980657960263

471 FishyPogo the Firebug (level 6, -2/41 HPs)
             Began as a Demonspawn Fire Elementalist on May 30, 2023.
             Was a Priest of Ru.
             Slain by an orc
             ... wielding a +0 war axe of electrocution
              (12 damage)
             ... on level 5 of the Dungeon on June 1, 2023.
             The game lasted 00:27:54 (3737 turns).

FishyPogo the Firebug (DsFE)                        Turns: 3737, Time: 00:27:54

Health: -2/41      AC:  3    Str:  5 (8)  XL:     6   Next: 83%
Magic:  8/10       EV: 14    Int: 18 (19) God:    Ru [***...]
Gold:   173        SH:  0    Dex: 13      Spells: 1/11 levels left

rFire   x . .        u - +4 falchion
rCold   . . .        (no shield)
rNeg    . . .        a - +0 robe
rPois   .            (helmet currently unavailable)
rElec   .            j - +0 cloak
rCorr   .            (no gloves)
SInv    .            (boots currently unavailable)
Will    .....        (no amulet)
Stlth   ++           l - ring of wizardry
HPRegen 0.26/turn    (no ring)
MPRegen 0.12/turn

%: wizardry (x1)
@: appendages
A: talons 2, horns 1, repulsion field 1, foul stench 1, inability to use
devices, unskilled 1, heat vulnerability 1
a: End Transformation, Renounce Religion, Draw Out Power


You were on level 5 of the Dungeon.
You worshipped Ru.
Ru was most pleased with you.
You had temporarily grown beastly talons.
You visited 1 branch of the dungeon, and saw 5 of its levels.

You collected 173 gold pieces.

Inventory:

Hand Weapons
 e - a +0 short sword
 o - a +2 whip of draining
 u - a +4 falchion (weapon)
Missiles
 c - 38 stones
 p - 6 javelins
 t - 2 poisoned darts
 z - a throwing net
Armour
 a - a +0 robe (worn)
 j - a +0 cloak (worn)
Jewellery
 l - a ring of wizardry (left hand)
Wands
 r - a wand of light (12)
Scrolls
 g - a scroll of fog
 n - 3 scrolls of identify {unknown}
 w - a scroll of amnesia {unknown}
 x - a scroll of brand weapon {unknown}
 y - 2 scrolls of teleportation {unknown}
 A - a scroll of enchant weapon {unknown}
Potions
 b - 2 potions of magic
 d - 2 potions of lignification
 f - a potion of attraction {unknown}
 h - a potion of brilliance {unknown}
 k - a potion of heal wounds {unknown}
 m - 2 potions of curing
 q - 2 potions of degeneration
 s - 3 potions of flight {unknown}
 v - a potion of might


   Skills:
 + Level 2.8 Dodging
 - Level 3.0 Stealth
 + Level 1.8 Unarmed Combat
 - Level 3.0 Spellcasting
 + Level 2.6 Conjurations
 + Level 1.0 Transmutations
 + Level 3.3 Fire Magic


You had one spell level left.
You knew the following spells:

 Your Spells              Type           Power      Damage    Failure   Level
a - Foxfire               Conj/Fire      52%        2x1d6     1%          1
b - Beastly Appendage     Tmut           12%        N/A       4%          1
c - Volatile Blastmotes   Fire/Tloc      16%        2d11      10%         3
d - Scorch                Fire           28%        2d6       2%          2
e - Spider Form           Tmut/Pois      4%         N/A       16%         3

Your spell library contained the following spells:

 Spells                   Type           Power      Damage    Failure   Level
 Wereblood                Tmut           6%         N/A       6%          2
 Inner Flame              Hex/Fire       8%         N/A       10%         3
 Dazzling Flash           Conj/Hex       14%        N/A       12%         3
 Flame Wave               Conj/Fire      13%        2d6       19%         4
 Iskenderun's Mystic Bla  Conj/Tloc      7%         2d4       34%         4
 Starburst                Conj/Fire      6%         6d4       94%         6


Dungeon Overview and Level Annotations

Branches:
Dungeon (5/15)             Temple (0/1) D:4

Altars:
Ru

Shops:
D:4 *


Innate Abilities, Weirdness & Mutations

You have temporarily grown beastly talons.
You have a pair of small horns on your head.
You are surrounded by a mild repulsion field. (EV +2)
You may rarely emit foul miasma when damaged in melee.
You cannot study or use magical devices.
You are somewhat unskilled. (-1 Apt)
You are vulnerable to heat. (rF-)


Message History

You conjure some foxfire!
The orc shouts!
The hound barely misses you.
An orc comes into view. It is wielding a +0 dagger.
The hound barely misses you.
Casting: Foxfire (safe; 1% risk of failure)
Confirm with . or Enter, or press ? or * to list all spells.
Your feet morph into talons.
The foxfire hits the hound.
The hound is heavily wounded.
The foxfire hits the hound.
The hound is severely wounded.
The orc priest mumbles some strange prayers to Beogh against you.
Beogh smites you! The hound bites you.
You hit the hound. Your headbutt misses the hound.
The hound is almost dead.
The hound bites you but does no damage.
An orc comes into view. It is wielding a +0 trident.
The hound misses you.
An orc comes into view. It is wielding a +0 whip.
You closely miss the hound. You headbutt the hound.
You kill the hound!
Training target 3.0 for Spellcasting reached!
Your Spellcasting skill increases to level 3!
Okay, then.
As you read the scroll labelled QICHOC KU AQE, it crumbles to dust.
The scroll dissolves into smoke.
It was a scroll of fog.
The orc priest begins to pray, but is stunned by your conviction!
The orc completely misses you.
The air fills with toxic fumes!
As you read the scroll labelled ZEFASHR AKUJU, it crumbles to dust.
It was a scroll of poison.
The orc misses you.
The orc hits you with a +0 war axe of electrocution!
You are electrocuted!
* * * LOW HITPOINT WARNING * * *
The orc priest begins to pray, but is stunned by your conviction!
The orc attacks as you move away!
The orc hits you with a +0 war axe of electrocution.
* * * LOW HITPOINT WARNING * * *
You are electrocuted!
You die...

... .§. #### .§§.
.§§ ..§§. #
##§##o§... #.
#§§§§.....
#.##§o§§.#
#.§@o§# ##§####
#.# #. #.#######.
####.##.#.......
#...........#####
#.##.............
#.##.#....##.#.
#. #.#.....>...


You could see 3 orcs.

Vanquished Creatures
  A scorpion (D:4)
  2 howler monkeys (D:4)
  2 hounds
  An iguana (D:4)
  Natasha (thrice) (D:2)
  Terence (D:2)
  Robin (D:4)
  5 adders
  A dart slug (D:2)
  5 orcs
  4 bats
  6 endoplasms
  4 giant cockroaches
  20 goblins
  12 hobgoblins
  5 jackals
  5 kobolds
  2 quokkas
  3 ball pythons
  2 frilled lizards
  8 rats
93 creatures vanquished.

Vanquished Creatures (others)
  A quokka (D:2)
  A frilled lizard (D:2)
  146 foxfires
148 creatures vanquished.

Grand Total: 241 creatures vanquished

Notes
Turn   | Place    | Note
-------+----------+-------------------------------------------
     0 | D:1      | FishyPogo the Demonspawn Fire Elementalist began the quest
                  | for the Orb.
     0 | D:1      | Reached XP level 1. HP: 13/13 MP: 3/3
   208 | D:1      | Gained mutation: You have a pair of small horns on your
                  | head. [demonic ancestry]
   208 | D:1      | Reached XP level 2. HP: 19/19 MP: 0/5
   242 | D:1      | Learned a level 2 spell: Scorch
   367 | D:1      | Found a faded altar of an unknown god.
   381 | D:1      | Prayed at the altar of an unknown god.
   381 | D:1      | Became a worshipper of Ru the Awakened
   395 | D:1      | Gained mutation: You cannot study or use magical devices.
                  | [Ru sacrifice]
   395 | D:1      | Reached * piety under Ru
   395 | D:1      | Reached ** piety under Ru
   585 | D:2      | Noticed Natasha
   596 | D:2      | Killed Natasha
   597 | D:2      | Gained mutation: You may rarely emit foul miasma when
                  | damaged in melee. [demonic ancestry]
   597 | D:2      | Reached XP level 3. HP: 13/24 MP: 0/6
   683 | D:2      | Noticed Natasha
   688 | D:2      | Killed Natasha
   689 | D:2      | Reached skill level 1 in Unarmed Combat
   689 | D:2      | Gained mutation: You are surrounded by a mild repulsion
                  | field. (EV +2) [demonic ancestry]
   689 | D:2      | Reached XP level 4. HP: 30/30 MP: 3/7
  1020 | D:2      | Noticed Natasha
  1029 | D:2      | Killed Natasha
  1120 | D:2      | Noticed Terence
  1139 | D:2      | Killed Terence
  1140 | D:2      | Reached XP level 5. HP: 20/35 MP: 5/9
  1326 | D:2      | Learned a level 3 spell: Volatile Blastmotes
  1773 | D:3      | Learned a level 1 spell: Beastly Appendage
  2371 | D:4      | Gained mutation: You are somewhat unskilled. (-1 Apt) [Ru
                  | sacrifice]
  2371 | D:4      | Reached *** piety under Ru
  2475 | D:4      | Reached XP level 6. HP: 22/41 MP: 6/10
  2548 | D:4      | Noticed Robin
  2558 | D:4      | Gained mutation: You are vulnerable to heat. (rF-) [potion
                  | of mutation]
  2597 | D:4      | Killed Robin
  2809 | D:4      | Learned a level 3 spell: Spider Form
  2994 | D:4      | Found a staircase to the Ecumenical Temple.
  3081 | D:4      | Found Cuefrem's Gadget Gallery.
  3666 | D:5      | Entered Level 5 of the Dungeon
  3695 | D:5      | Reached skill level 1 in Transmutations
  3737 | D:5      | Slain by an orc

Illustrated notes

Levels and vault maps discovered:
D:1:      wander_arrival_chamber, layout_rooms,
          hellmonk_ecumenical_altar_arch_garden, st_stairs_1
D:2:      layout_basic, uniq_terence, uniq_natasha
D:3:      layout_loops_cross
D:4:      layout_layer_cave, minmay_temple_entry_antechambers,
          nicolae_shop_gadgets, uniq_robin
D:5:      layout_loops_ring, overflow_temple_1_default, kennysheep_mini_moat,
          kennysheep_decorative_pillar, uniq_eustachio, uniq_menkaure,
          uniq_prince_ribbit1

Skill      XL: |  1  2  3  4  5  6 |
---------------+-------------------+-----
Stealth        | 2 3 |  3.0
Dodging        | 2 |  2.8
Fire Magic     | 3 |  3.3
Unarmed Combat | 1 |  1.8
Conjurations   | 2 |  2.6
Transmutations | 1 |  1.0
Spellcasting   | 3 |  3.0

Action                     |  1- 3 |  4- 6 || total
---------------------------+-------+-------++-------
  Melee: Unarmed           |     3 |       ||     3
         Short sword       |    20 |     1 ||    21
         Headbutt          |     3 |    12 ||    15
         Whip              |       |    23 ||    23
         Falchion          |       |    81 ||    81
         Kick              |       |     7 ||     7
         Punch             |       |     1 ||     1
   Cast: Foxfire           |    32 |    53 ||    85
         Beastly Appendage |       |     6 ||     6
         Volatile Blastmot |       |     4 ||     4
         Scorch            |       |     2 ||     2
 Invoke: Sacrifice Artific |     1 |       ||     1
         Sacrifice Skill   |       |     1 ||     1
    Use: Potion            |       |     6 ||     6
         Scroll            |       |     2 ||     2
   Stab: Invisible         |       |     1 ||     1
         Sleeping          |       |     4 ||     4
 Armour: Robe              |     5 |    19 ||    24
         Skin              |       |     6 ||     6
  Dodge: Dodged            |    31 |   106 ||   137
